 Dungeon Crawl Stone Soup version bcrawl-1.19.1 (webtiles) character file.

Game seed: 3310738065945287831

68 Revguard the Sneak (level 4, -1/25 HPs)
             Began as a Gargoyle Archaeologist on Nov 23, 2019.
             Killed by divine providence
             ... invoked by an orc priest
              (11 damage)
             ... on level 2 of the Dungeon.
             The game lasted 00:05:38 (2122 turns).

Revguard the Sneak (Gargoyle Archaeologist)         Turns: 2122, Time: 00:05:38

Health: -1/25      AC:  9    Str: 15    XL:     4   Next: 19%
Magic:  4/4        EV: 12    Int: 14    God:
Gold:   154        SH:  0    Dex: 11    Spells: 3/3 levels left

rFire    . . .     SeeInvis .   j - +0 short sword
rCold    . . .     Gourm    .   (no shield)
rNeg     + . .     Faith    .   n - +0 leather armour
rPois    ∞         Spirit   .   c - +1 hat
rElec    +         Reflect  .   (no cloak)
rCorr    .         Harm     .   (no gloves)
MR       .....                  d - +1 pair of boots
Stlth    ++++......             (no amulet)
HPRegen  0.08/turn              o - ring of stealth
MPRegen  0.09/turn              h - +2 ring of dexterity

@: studying Stealth
A: negative energy resistance 1, electricity resistance, unbreathing,
petrification resistance, rot immunity, AC +3
a: no special abilities


You were on level 2 of the Dungeon.
You were not hungry.

You visited 1 branch of the dungeon, and saw 3 of its levels.

You collected 154 gold pieces.

Inventory:

Hand Weapons
 a - a +0 whip
 b - a +0 dagger
 j - a +0 short sword (weapon)
Armour
 c - a +1 hat (worn)
 d - a +1 pair of boots (worn)
 n - a +0 leather armour (worn)
Jewellery
 h - a +2 ring of dexterity (right hand)
 i - an uncursed ring of protection from fire
 m - an uncursed ring of protection from magic {unknown}
 o - a ring of stealth (left hand)
Scrolls
 l - 5 scrolls of remove curse
 s - a scroll of blinking {unknown}
 u - a scroll of enchant weapon {unknown}
Potions
 k - 2 potions of flight
 p - a potion of lignification {unknown}
 q - a potion of curing {unknown}
 r - 2 potions of ambrosia {unknown}
 t - a potion of agility {unknown}
Books
 e - a manual of Stealth
Miscellaneous
 f - an ancient crate
Comestibles
 g - 4 rations {!d}
 v - a chunk of flesh


   Skills:
 + Level 1.4 Fighting
 + Level 0.9 Short Blades
 - Level 1.2 Maces & Flails
 * Level 1.9 Armour
 + Level 3.1 Dodging
 + Level 4.3 Stealth


You had 3 spell levels left.
You didn't know any spells.
Your spell library was empty.

Dungeon Overview and Level Annotations

Branches:
Dungeon (3/12)

Altars:
Kikubaaqudgha
Xom


Innate Abilities, Weirdness & Mutations

You are resistant to torment.
Your stone body is resilient. (AC +3)
You are immune to poison.
You resist negative energy. (rN+)
You are resistant to electric shocks. (rElec)
You can survive without breathing.
You are immune to petrification.
You are immune to rotting.


Message History

Beogh smites you!
You barely miss the orc priest.
The orc priest is moderately wounded.
You hit the orc priest.
The orc priest is heavily wounded.
The orc priest hits you but does no damage.
You hit the orc priest.
The orc priest is severely wounded.
The orc priest barely misses you.
You hit the orc priest but do no damage.
The orc priest is severely wounded.
The orc priest hits you with a +0 short sword.
You closely miss the orc priest.
The orc priest is severely wounded.
The orc priest closely misses you.
You hit the orc priest.
The orc priest is almost dead.
The orc priest invokes the aid of Beogh against you.
Beogh smites you!
You die...

..........................##.#...
.....##.....#..................##
...####......###..........##.####
..#####..................###.# ##
..........##....[..#.....###.###.
.#......####.....#<.......##.##..
....##### #.....#...........##..
....# #####.#...............
#.#.###### ####.@og.......##.###.
#........###.....##.#...###..# ##
##...........###.##.######..## #
#####..[÷.#....#..#.# #.##
..<...##)......##.#.## ##.### #
#######..>.....##.#..# #....# #
###.....###.#####.##.####....# #
##..##### #..####.##...##....# #
#.## ##...............<.####


You could see an orc priest and a hobgoblin.

Vanquished Creatures
  2 worms (D:2)
  3 dart slugs
  6 leopard geckos
  4 orcs (D:2)
  A ball python (D:1)
  A giant cockroach (D:1)
  7 hobgoblins (D:2)
  5 kobolds
  2 quokkas (D:2)
  A bat (D:2)
  3 frilled lizards (D:2)
  4 goblins
  A quokka skeleton (D:2)
  3 rats (D:1)
43 creatures vanquished.

Notes
Turn   | Place    | Note
-------+----------+-------------------------------------------
     0 | D:1      | Revguard the Gargoyle Archaeologist began the quest for the
                  | Orb.
     0 | D:1      | Reached XP level 1. HP: 12/12 MP: 1/1
   173 | D:1      | Reached XP level 2. HP: 15/16 MP: 2/2
   535 | D:1      | Reached skill level 1 in Armour
   915 | D:2      | Reached XP level 3. HP: 20/20 MP: 3/3
  1126 | D:2      | Found an ancient bone altar of Kikubaaqudgha.
  1291 | D:2      | Found a shimmering altar of Xom.
  1535 | D:2      | Reached skill level 4 in Stealth
  1614 | D:2      | Reached XP level 4. HP: 7/25 MP: 4/4
  2122 | D:2      | Killed from afar by an orc priest

Skill      XL: |  1  2  3 |
---------------+----------+-----
Dodging        | 3 |  3.1
Armour         | 1 |  1.9
Stealth        | 4 |  4.3
Fighting       | |  1.4
Short Blades   | |  0.9
Maces & Flails | |  1.2

Action                   |  1- 3 |  4- 6 || total
-------------------------+-------+-------++-------
Melee: Whip              |    85 |       ||    85
       Dagger            |    89 |     4 ||    93
       Short sword       |    42 |    18 ||    60
  Use: Scroll            |     4 |       ||     4
       Potion            |     1 |       ||     1
 Stab: Sleeping          |     5 |     3 ||     8
       Invisible         |     2 |       ||     2
       Distracted        |     1 |       ||     1
  Eat: Chunk             |     2 |     2 ||     4
Armor: Robe              |    16 |       ||    16
       Scale mail        |    18 |       ||    18
       Leather armour    |    44 |     7 ||    51
Dodge: Dodged            |   128 |    21 ||   149
